 Dungeon Crawl Stone Soup version 0.32-a0-41-gec2d92a32c (webtiles) character file.

Game seed: 17681654869116634447

3473 Dittersdorf the Fighter (level 10, 0/65 HPs)
             Began as a Gargoyle Fighter on Jan 25, 2024.
             Was an Initiate of Gozag.
             Slain by a komodo dragon (11 damage)
             ... on level 8 of the Dungeon.
             The game lasted 00:10:21 (7489 turns).

Dittersdorf the Fighter (Gargoyle Fighter)          Turns: 7489, Time: 00:10:22

Health: 0/65       AC: 32    Str: 24    XL:     10   Next: 6%
Magic:  10/10      EV:  8    Int:  9    God:    Gozag
Gold:   518        SH:  6    Dex: 12    Spells: 9/9 levels left

rFire   . . .        a - +0 flail
rCold   . . .        c - +0 buckler
rNeg    + . .        m - +8 chain mail of Ru's Whim {Dex+3}
rPois   ∞            (no helmet)
rElec   +            (no cloak)
rCorr   +            h - +1 pair of gloves
SInv    .            (no boots)
Will    .....        (no amulet) Stlth
                     s - ring of resist corrosion
HPRegen 0.30/turn    j - +4 ring of protection
MPRegen 0.12/turn

%: no passive effects
@: no status effects
A: sickness immunity, AC +7, negative energy resistance 1, electricity
resistance, torment resistance 1, petrification resistance
a: Renounce Religion, Potion Petition, Call Merchant, Bribe Branch


You were on level 8 of the Dungeon.
You worshipped Gozag.
Gozag was pleased with you.
You visited 2 branches of the dungeon, and saw 9 of its levels.
You also visited: Sewer.

You collected 635 gold pieces.
You spent 60 gold pieces at shops.
You paid 57 gold pieces to Gozag.

Inventory:

Hand Weapons
 a - a +0 flail (weapon)
Armour
 c - a +0 buckler (worn)
 h - a +1 pair of gloves (worn)
 m - the +8 chain mail of Ru's Whim (worn) {Dex+3}
   (You acquired it on level 3 of the Dungeon)

   Dex+3:     It affects your dexterity (+3).
Jewellery
 f - a ring of protection from fire
 j - a +4 ring of protection (right hand)
 s - a ring of resist corrosion (left hand)
 w - a ring of fire
Scrolls
 i - a scroll of enchant armour
 o - a scroll of fog
 r - a scroll of teleportation
Potions
 d - a potion of might
 e - 2 potions of invisibility
 g - 3 potions of heal wounds
 k - 2 potions of haste
 l - a potion of berserk rage
 n - a potion of enlightenment
 p - 4 potions of curing {unknown}
 q - 4 potions of brilliance {unknown}
 t - 2 potions of mutation {unknown}
 u - a potion of experience {unknown}
 v - a potion of resistance {unknown}
 x - a potion of degeneration {unknown}


   Skills:
 + Level 8.4 Fighting
 + Level 7.2 Maces & Flails
 + Level 8.3 Armour
 + Level 8.4 Shields


You had 9 spell levels left.
You didn't know any spells.
Your spell library contained the following spells:

 Spells                   Type           Power      Damage    Failure   Level
 Slow                     Hex            0%         N/A       91%         1
 Ensorcelled Hibernation  Hex/Ice        0%         N/A       97%         2
 Confusing Touch          Hex            0%         N/A       100%        3
 Fugue of the Fallen      Necr           0%         N/A       100%        3
 Sigil of Binding         Hex            0%         N/A       100%        3
 Vampiric Draining        Necr           0%         2d6       100%        3
 Anguish                  Hex/Necr       0%         N/A       100%        4


Dungeon Overview and Level Annotations

Branches:
Dungeon (8/15)             Temple (1/1) D:5           Sewer (visited)
   Lair: D:8-11

Altars:
Ashenzari
Cheibriados
Dithmenos
Elyvilon
Fedhas
Gozag
Hepliaklqana
Kikubaaqudgha
Makhleb
Nemelex Xobeh
Qazlal
Ru
Sif Muna
Trog
Uskayaw
Vehumet
Wu Jian
Xom
Yredelemnul
Zin
The Shining One

Shops:
D:3 !


Innate Abilities, Weirdness & Mutations

You are immune to sickness and miasma.
Your stone body is resilient. (AC +7)
You are immune to poison.
You resist negative energy. (rN+)
You are resistant to electric shocks. (rElec)
You are resistant to unholy torment.
You are immune to petrification.


Message History

The swamp drake bites you!
You hit the swamp drake.
The swamp drake is severely wounded.
The swamp drake bites you but does no damage.
You sock the swamp drake!
You kill the swamp drake!
You now have 518 gold pieces (gained 17).
A wyvern comes into view.
Found 12 gold pieces.
The wyvern hisses angrily.
You see here 16 gold pieces.
A komodo dragon comes into view.
The komodo dragon hisses angrily.
You thump the komodo dragon!
The komodo dragon is moderately wounded.
The komodo dragon bites you but does no damage.
The wyvern bites you but does no damage.
You hit the komodo dragon.
The komodo dragon is heavily wounded.
The wyvern bites you. The komodo dragon bites you!
You barely miss the komodo dragon.
The komodo dragon is heavily wounded.
The wyvern bites you but does no damage.
The komodo dragon bites you!
* * * LOW HITPOINT WARNING * * *
The wyvern barely misses you.
You barely miss the komodo dragon.
The komodo dragon is heavily wounded.
You block the wyvern's attack.
The komodo dragon bites you but does no damage.
You hit the komodo dragon.
The komodo dragon is heavily wounded.
The wyvern bites you but does no damage.
The komodo dragon bites you but does no damage.
The wyvern bites you but does no damage.
You hit the komodo dragon.
The komodo dragon is heavily wounded.
You block the wyvern's attack. The komodo dragon bites you!
You die...
Your body crumbles into a pile of gold.

## #####.##### .# ......#.#.#
####..# .#....#...####@l..# #
.....#..$..##k##### ####
$...........$.##############...
.###...#..........#.##..##..###
#.....###........###....##
##.####..#.##..........## #(#
####..####.####### #########
######################
...#....#
#..#.....#......##....


You could see a komodo dragon and a wyvern.

Vanquished Creatures
  A cyclops (D:8)
  Maggie (D:7)
  A komodo dragon (D:8)
  2 wyverns (D:8)
  A basilisk (D:8)
  A swamp drake (D:8)
  2 ice beasts
  A black bear (D:8)
  An ogre (D:6)
  A centaur (D:8)
  4 phantoms
  5 kobold brigands
  A bullfrog (D:6)
  3 scorpions (D:4)
  3 wights (D:7)
  2 bombardier beetles
  A jelly (D:4)
  2 hounds
  2 sleepcaps
  Natasha (twice) (D:3)
  3 orc wizards
  3 gnolls (D:4)
  3 adders
  A river rat (D:4)
  4 shadow imps
  2 white imps
  4 ufetubi
  4 dart slugs
  2 ribbon worms
  9 orcs
  13 ball pythons
  11 endoplasms
  3 giant cockroaches
  13 goblins
  8 hobgoblins
  6 jackals
  6 quokkas
  13 bats
  6 frilled lizards
  25 kobolds
  6 rats
182 creatures vanquished.

Notes
Turn   | Place    | Note
-------+----------+-------------------------------------------
     0 | D:1      | Dittersdorf the Gargoyle Fighter began the quest for the
                  | Orb.
     0 | D:1      | Reached XP level 1. HP: 14/14 MP: 1/1
   125 | D:1      | Reached XP level 2. HP: 19/19 MP: 2/2
   348 | D:1      | Reached XP level 3. HP: 19/23 MP: 3/3
   830 | D:2      | Reached XP level 4. HP: 17/29 MP: 4/4
  1548 | D:3      | Found a faded altar of an unknown god.
  1552 | D:3      | Found a burning altar of Makhleb.
  1740 | D:3      | Found Roblotes's Distillery.
  1743 | D:3      | Bought a potion of heal wounds for 60 gold pieces
  1772 | D:3      | Noticed Natasha
  1782 | D:3      | Killed Natasha
  1834 | D:3      | Reached XP level 5. HP: 33/33 MP: 5/5
  1857 | D:3      | Identified a scroll of acquirement
  1857 | D:3      | Acquired the +8 chain mail of Ru's Whim {Dex+3}
  2054 | D:3      | Noticed Natasha
  2066 | D:3      | Killed Natasha
  2503 | D:4      | Reached XP level 6. HP: 36/39 MP: 6/6
  2617 | D:4      | Found a glowing drain.
  2638 | Sewer    | Entered a sewer
  3148 | Sewer    | Reached skill level 5 in Fighting
  3148 | Sewer    | Reached skill level 5 in Armour
  3148 | Sewer    | Reached skill level 5 in Shields
  3160 | Sewer    | Reached XP level 7. HP: 41/44 MP: 7/7
  3699 | D:4      | Found a shadowy altar of Dithmenos.
  3966 | D:5      | Entered Level 5 of the Dungeon
  3976 | D:5      | Found a staircase to the Ecumenical Temple.
  3986 | D:5      | Reached XP level 8. HP: 38/51 MP: 8/8
  4052 | Temple   | Entered the Ecumenical Temple
  4365 | D:5      | Found an opulent altar of Gozag.
  4371 | D:5      | Became a worshipper of Gozag Ym Sagoz the Greedy
  4657 | D:5      | Reached skill level 5 in Maces & Flails
  5864 | D:6      | Found a hide-covered altar of Uskayaw.
  6175 | D:7      | Noticed Maggie
  6190 | D:7      | Reached XP level 9. HP: 22/57 MP: 9/9
  6190 | D:7      | Killed Maggie
  6909 | D:8      | Noticed a cyclops
  6928 | D:8      | Killed a cyclops
  7268 | D:8      | Found a stormy altar of Qazlal.
  7268 | D:8      | Found an ancient bone altar of Kikubaaqudgha.
  7269 | D:8      | Found a blossoming altar of Fedhas.
  7271 | D:8      | Found a sparkling altar of Nemelex Xobeh.
  7271 | D:8      | Found a radiant altar of Vehumet.
  7272 | D:8      | Found a glowing golden altar of the Shining One.
  7274 | D:8      | Identified the +0 scale mail "Ophih" {Rampage rF++ Int+3
                  | Dex-4}
  7384 | D:8      | Noticed a komodo dragon
  7396 | D:8      | Killed a komodo dragon
  7462 | D:8      | Reached XP level 10. HP: 36/65 MP: 10/10
  7489 | D:8      | Slain by a komodo dragon

Illustrated notes

Levels and vault maps discovered:
D:1:      elethiomel_arrival_shortcut, layout_basic, minmay_misc_feat_five
D:2:      layout_loops_cross, small_statue_intersection, minmay_misc_feat_doors
D:3:      layout_loops_ring, bloody_makhleb,
          hellmonk_ecumenical_altar_pennies_from_heaven, serial_shops,
          nicolae_shop_behind_doors, uniq_natasha
D:4:      layout_loops_corners, grunt_dithmenos_smoke,
          cheibrodos_sewer_entry_sluice
D:5:      layout_layer_cave, mainiacjoe_overflow_cross_hatched,
          minmay_temple_entry_overgrown, minmay_misc_feat_tiny
D:6:      layout_loops_ring, nicolae_uskayaw_dance_studio
D:7:      layout_basic, uniq_maggie
D:8:      layout_basic, grunt_temple_overflow_open,
          mainiacjoe_overflow_six_doors_small, erik_lair_dragon,
          minmay_sticks_and_stones
Temple:   jpeg_temple_clearing

Skill      XL: |  1  2  3  4  5  6  7  8  9 |
---------------+----------------------------+-----
Fighting       | 4 5 7 8 |  8.4
Shields        | 4 5 6 8 |  8.4
Armour         | 4 5 6 8 |  8.3
Maces & Flails | 3 4 5 7 |  7.2

Action                     |  1- 3 |  4- 6 |  7- 9 | 10-12 || total
---------------------------+-------+-------+-------+-------++-------
  Melee: Flail             |   124 |   233 |   400 |    18 ||   775
  Throw: Dart              |       |       |     1 |       ||     1
  Evoke: Wand              |       |       |     9 |       ||     9
    Use: Scroll            |     1 |     8 |    10 |       ||    19
   Stab: Distracted        |       |       |     1 |       ||     1
         Invisible         |       |       |     1 |       ||     1
 Armour: Scale mail        |   103 |    73 |       |       ||   176
         Chain mail        |       |   153 |   359 |    17 ||   529
  Dodge: Dodged            |    75 |   134 |   169 |     3 ||   381
  Block: Buckler           |    29 |    70 |   125 |     4 ||   228

Table legend: (Time is in decaauts)
 A = Elapsed time spent in this place.
 B = Non-inter-level travel time spent in this place.
 C = Inter-level travel time spent in this place.
 D = Time resting spent in this place.
 E = Time spent auto-exploring this place.
 F = Levels seen in this place.
 G = Mean time per level.
                   A        B        C        D        E       F      G
               +--------+--------+--------+--------+--------+-----+--------+
         Total |   7696 |   7447 |    249 |    600 |   5046 |  10 |  769.6 |
       Dungeon |   7082 |   6833 |    249 |    327 |   4989 |   8 |  885.2 |
        Temple |      1 |      1 |      0 |      0 |      0 |   1 |    1.0 |
         Sewer |    612 |    612 |      0 |    273 |     57 |   1 |  612.0 |
               +--------+--------+--------+--------+--------+-----+--------+

Top non-repeatable levels by time:
     D:5: 1276 daAuts
     D:4: 1050 daAuts
     D:2: 839 daAuts
     D:3: 833 daAuts
     D:6: 829 daAuts
     D:1: 798 daAuts
     D:8: 788 daAuts
     D:7: 665 daAuts
   Sewer: 612 daAuts
  Temple: 1 daAuts
